 Dungeon Crawl Stone Soup version 0.23.1 (webtiles) character file.

Game seed: 10685348651789946568

199 mralvaruus the Sneak (level 5, 0/28 HPs)
             Began as a Deep Elf Fire Elementalist on Mar 14, 2019.
             Slain by an iguana (9 damage)
             ... on level 3 of the Dungeon.
             The game lasted 00:29:44 (2388 turns).

mralvaruus the Sneak (Deep Elf Fire Elementalist)   Turns: 2388, Time: 00:29:45

Health: 0/28       AC:  2    Str:  2 (5)  XL:     5   Next: 48%
Magic:  7/13       EV: 14    Int: 20 (21) God:
Gold:   98         SH:  0    Dex: 14 (15) Spells: 3/12 levels left

rFire    . . .     SeeInvis .   d - +0 dagger
rCold    . . .     Gourm    .   (no shield)
rNeg     . . .     Faith    .   a - +0 robe
rPois    .         Spirit   .   (no helmet)
rElec    .         Reflect  .   (no cloak)
rCorr    .         Harm     .   (no gloves)
MR       +....                  (no boots)
Stlth    +++.......             (no amulet)
HPRegen  0.09/turn              j - ring of protection from magic
MPRegen  0.13/turn              k - ring of wizardry

@: no status effects
A: no striking features
a: no special abilities


You were on level 3 of the Dungeon.
You were not hungry.

You visited 1 branch of the dungeon, and saw 3 of its levels.

You collected 98 gold pieces.

Inventory:

Hand Weapons
 d - a +0 dagger (weapon)
 e - a +0 dagger
Armour
 a - a +0 robe (worn)
 g - a +0 robe
 i - a +0 robe
Jewellery
 j - a ring of protection from magic (left hand)
 k - a ring of wizardry (right hand)
Wands
 f - a wand of paralysis (10)
Potions
 b - a potion of heal wounds
 h - a potion of ambrosia {unknown}
Comestibles
 c - 3 rations


   Skills:
 + Level 4.0 Dodging
 + Level 4.8 Stealth
 - Level 4.4 Spellcasting
 + Level 1.1 Conjurations
 + Level 0.0 Hexes
 - Level 4.2 Fire Magic


You had 3 spell levels left.
You knew the following spells:

 Your Spells              Type           Power        Failure   Level  Hunger
a - Flame Tongue          Conj/Fire      ###..        1%          1    None
b - Throw Flame           Conj/Fire      ###...       2%          2    #......
c - Conjure Flame         Conj/Fire      ###.....     4%          3    ###....
d - Inner Flame           Hex/Fire       ##......     6%          3    ###....

Your spell library contained the following spells:

 Spells                   Type           Power        Failure   Level  Hunger
 Sticky Flame             Conj/Fire      ###.....     16%         4    ####...
 Fireball                 Conj/Fire      ###.......   41%         5    ######.


Dungeon Overview and Level Annotations

Branches:
Dungeon (3/15)

Altars:
Ashenzari
Gozag

Annotations:
D:2 Natasha


Message History

The iguana is almost dead.
The iguana bites you.
Casting: Flame Tongue (safe; 1% risk of failure)
Confirm with . or Enter, or press ? or * to list all spells.
Aiming: Flame Tongue (safe; 1% risk of failure)
Press: ? - help, Shift-Dir - straight line, f/p - iguana
Aim: an iguana (almost dead)
The flame tongue hits the iguana but does no damage.
The iguana is almost dead.
The iguana closely misses you.
Casting: Flame Tongue (safe; 1% risk of failure)
Confirm with . or Enter, or press ? or * to list all spells.
Aiming: Flame Tongue (safe; 1% risk of failure)
Press: ? - help, Shift-Dir - straight line, f/p - iguana
Aim: an iguana (almost dead)
The flame tongue hits the iguana.
The iguana is almost dead.
The orc shouts!
The iguana bites you!
You die...

..# ..# ..# #.# #.#
#####.#######
###########.....l......
#.....>..##.###@##...##
##.######.##.##........#
.....##........)....o..#
8...8.#.#.##.##........#
......#...##.###.##...##
.._.....####.# #.# .###
#.# ......#.## #.. ... #
#.# # 8...8.#..(
#####+## #.# #
.....##.##.# ##...## #.#
#


You could see an iguana and an orc.

Vanquished Creatures
  Jessica (D:2)
  Natasha (D:2)
  5 adders
  A gnoll (D:1)
  A shadow imp (D:3)
  2 oozes (D:2)
  2 worms (D:2)
  4 dart slugs
  3 leopard geckos
  3 giant cockroaches
  6 goblins
  7 hobgoblins
  5 jackals
  A quokka (D:3)
  6 bats
  A frilled lizard (D:2)
  5 kobolds
  10 rats
64 creatures vanquished.

Notes
Turn   | Place    | Note
-------+----------+-------------------------------------------
     0 | D:1      | mralvaruus the Deep Elf Fire Elementalist began the quest
                  | for the Orb.
     0 | D:1      | Reached XP level 1. HP: 10/10 MP: 6/6
   210 | D:1      | Reached XP level 2. HP: 4/15 MP: 4/8
   659 | D:1      | Learned a level 2 spell: Throw Flame
   706 | D:1      | Reached XP level 3. HP: 9/19 MP: 5/10
  1115 | D:2      | Noticed Jessica
  1120 | D:2      | Killed Jessica
  1120 | D:2      | Reached XP level 4. HP: 24/24 MP: 7/11
  1345 | D:2      | Noticed Natasha
  1352 | D:2      | Killed Natasha
  1441 | D:2      | Found a shattered altar of Ashenzari.
  1547 | D:2      | Reached XP level 5. HP: 28/28 MP: 9/13
  1585 | D:2      | Learned a level 3 spell: Conjure Flame
  1589 | D:2      | Learned a level 3 spell: Inner Flame
  1783 | D:2      | Noticed Natasha
  2314 | D:3      | Found an opulent altar of Gozag.
  2388 | D:3      | Slain by an iguana

Skill      XL: |  1  2  3  4  5 |
---------------+----------------+-----
Stealth        | 3 4 |  4.8
Dodging        | 3 4 |  4.0
Spellcasting   | 4 |  4.4
Fire Magic     | 4 |  4.2
Conjurations   | |  1.1

Action                   |  1- 3 |  4- 6 || total
-------------------------+-------+-------++-------
Melee: Dagger            |    47 |    31 ||    78
 Cast: Flame Tongue      |    20 |    72 ||    92
       Throw Flame       |     5 |     1 ||     6
  Use: Scroll            |     3 |     3 ||     6
       Potion            |     2 |     3 ||     5
 Stab: Sleeping          |     4 |     7 ||    11
       Distracted        |       |     1 ||     1
  Eat: Ration            |     1 |     1 ||     2
Armor: Robe              |     8 |     6 ||    14
Dodge: Dodged            |    40 |    58 ||    98
